 Dungeon Crawl Stone Soup version 0.29-a0-994-gc5c9f59d18 (webtiles) character file.

Game seed: 5253991186165256428

72 xian the Conjurer (level 4, -9/21 HPs)
             Began as a Spriggan Conjurer on Aug 3, 2022.
             Mangled by MisterAzrael's ghost (16 damage)
             ... on level 3 of the Dungeon.
             The game lasted 00:06:09 (2661 turns).

xian the Conjurer (Spriggan Conjurer)               Turns: 2661, Time: 00:06:10

Health: -9/21      AC:  2    Str:  5    XL:     4   Next: 7%
Magic:  10/10      EV: 17    Int: 19    God:
Gold:   141        SH:  0    Dex: 13    Spells: 6/10 levels left

rFire   . . .      SeeInvis +   e - +0 quarterstaff
rCold   . . .      Faith    .   (shield currently unavailable)
rNeg    . . .      Spirit   .   a - +0 robe
rPois   .          Reflect  .   (helmet restricted)
rElec   .          Harm     .   (no cloak)
rCorr   .          Rampage  .   (gloves unavailable)
Will    .....                   (boots unavailable)
Stlth   ++........              (no amulet)
HPRegen 0.07/turn               (no ring)
MPRegen 0.12/turn               (no ring)

@: very quick
A: very small, no large weapons, unfitting armour, see invisible, speed 3
a: no special abilities


You were on level 3 of the Dungeon.
You visited 1 branch of the dungeon, and saw 3 of its levels.

You collected 183 gold pieces.
You spent 42 gold pieces at shops.

Inventory:

Hand Weapons
 e - a +0 quarterstaff (weapon)
Missiles
 d - 18 poisoned darts
Armour
 a - a +0 robe (worn)
Scrolls
 h - 4 scrolls of teleportation
 l - 3 scrolls of identify {unknown}
 m - a scroll of fear {unknown}
 n - a scroll of vulnerability {unknown}
 q - a scroll of enchant weapon {unknown}
 r - a scroll of fog {unknown}
Potions
 c - 3 potions of heal wounds {unknown}
 f - 2 potions of degeneration {unknown}
 g - a potion of resistance {unknown}
 i - a potion of ambrosia {unknown}
 j - a potion of berserk rage {unknown}
 k - a potion of brilliance {unknown}
 o - a potion of attraction {unknown}
 p - a potion of haste {unknown}


   Skills:
 + Level 2.9 Dodging
 + Level 3.3 Stealth
 + Level 3.7 Spellcasting
 + Level 3.7 Conjurations


You had 6 spell levels left.
You knew the following spells:

 Your Spells              Type           Power      Damage    Failure   Level
a - Magic Dart            Conj           68%        1d6       3%          1
b - Searing Ray           Conj           34%        2d5       4%          2
c - Slow                  Hex            12%        N/A       14%         1

Your spell library contained the following spells:

 Spells                   Type           Power      Damage    Failure   Level
 Dazzling Flash           Conj/Hex       20%        N/A       21%         3
 Confusing Touch          Hex            3%         N/A       38%         3
 Vampiric Draining        Necr           3%         2d6       38%         3
 Fulminant Prism          Conj/Hex       5%         3d7       54%         4
 Iskenderun's Mystic Bla  Conj/Tloc      10%        2d4       54%         4


Dungeon Overview and Level Annotations

Branches:
Dungeon (3/15)

Altars:

Shops:
D:2 *   D:3 =

Annotations:
D:3 MisterAzrael's ghost, amateur MiFi


Innate Abilities, Weirdness & Mutations

You are very small and have problems with some larger weapons.
You are too small for most types of armour.
You have supernaturally acute eyesight. (SInv)
You cover ground extremely quickly. (Speed+++)


Message History

Press: ? - help, Shift-Dir - straight line, f - MisterAzrael's ghost
Aim: MisterAzrael's ghost (81% to hit)
The searing ray hits MisterAzrael's ghost.
MisterAzrael's ghost is lightly damaged. (Press . to maintain the ray.) MisterAzrael's ghost whispers, "The ORB doesn't exist."
The searing ray misses MisterAzrael's ghost.
MisterAzrael's ghost hits you!
Ouch! That really hurt!
The searing ray hits MisterAzrael's ghost!
MisterAzrael's ghost is moderately damaged.
MisterAzrael's ghost closely misses you.
Okay, then.
The searing ray hits MisterAzrael's ghost.
MisterAzrael's ghost is moderately damaged.
You finish channelling your searing ray.
MisterAzrael's ghost misses you.
Casting: Searing Ray (safe; 4% risk of failure)
Confirm with . or Enter, or press ? or * to list all spells.
Aiming: Searing Ray (safe; 4% risk of failure)
Press: ? - help, Shift-Dir - straight line, f/p - MisterAzrael's ghost
Aim: MisterAzrael's ghost (moderately damaged, 81% to hit)
The searing ray misses MisterAzrael's ghost. (Press . to maintain the ray.) MisterAzrael's ghost misses you.
Unknown command.
The searing ray hits MisterAzrael's ghost!
MisterAzrael's ghost is heavily damaged.
MisterAzrael's ghost says, "You can hit me, but you can't hurt me."
MisterAzrael's ghost hits you but does no damage.
Unknown command.
The searing ray misses MisterAzrael's ghost.
MisterAzrael's ghost closely misses you.
Unknown command.
The searing ray misses MisterAzrael's ghost.
You finish channelling your searing ray.
MisterAzrael's ghost barely misses you. Magic courses through your body.
MisterAzrael's ghost hits you!
Ouch! That really hurt!
You die...

.#.#.###.## #...##.##.#
#.# .#.#.# #.#
#...##.##.## #.# .#.#.#
#.# ....##.# ..# #.#
.#.#.# #.### ###..##.#
#.# #.# .#.#.#
#.##.##.#..##.###.##
#.# .#.#.#
####..~#..##.##...###.#
.#.#.#
#..≈.~#.....#.....##.#
.#.#.#
##~~#.'..............#
...#.#
#.)~..W@....#.....####
####.#
##§.⌠.#..##.##...## #.#
#.#≈.#..##.###.## #.#
#..##.........# #.# ###
#..##.##### ####.#
#..##.# .....# #..##.#
###### ...##.# ...###.#


You could see MisterAzrael's ghost.

Vanquished Creatures
  An adder (D:2)
  3 worms
  2 dart slugs
  An orc (D:3)
  7 endoplasms
  3 giant cockroaches
  4 goblins
  4 hobgoblins
  3 jackals (D:2)
  2 quokkas (D:1)
  5 ball pythons
  3 bats
  A frilled lizard (D:2)
  3 kobolds
  5 rats
47 creatures vanquished.

Notes
Turn   | Place    | Note
-------+----------+-------------------------------------------
     0 | D:1      | xian the Spriggan Conjurer began the quest for the Orb.
     0 | D:1      | Reached XP level 1. HP: 9/9 MP: 5/5
   308 | D:1      | Reached XP level 2. HP: 13/13 MP: 0/6
   583 | D:1      | Found a faded altar of an unknown god.
  1198 | D:2      | Found Wauxzaes's General Store.
  1206 | D:2      | Learned a level 2 spell: Searing Ray
  1208 | D:2      | Learned a level 1 spell: Slow
  1227 | D:2      | Bought a scroll of teleportation for 42 gold pieces
  1493 | D:2      | Reached XP level 3. HP: 16/16 MP: 4/8
  2369 | D:3      | Reached XP level 4. HP: 21/21 MP: 2/10
  2595 | D:3      | Found Kireal's Jewellery Boutique.
  2639 | D:3      | Found a large runed translucent door.
  2639 | D:3      | Found a large runed translucent door.
  2646 | D:3      | Noticed MisterAzrael's ghost (amateur MiFi)
  2661 | D:3      | Mangled by MisterAzrael's ghost

Illustrated notes

Levels and vault maps discovered:
D:1:      dpeg_arrival_lava_altar, layout_basic,
          ebering_ecumenical_altar_sacrificial, minmay_tetromino_s2
D:2:      layout_loops_ring, serial_shops, nicolae_shop_statue_plus
D:3:      layout_loops_ring, mainiacjoe_overflow_six_doors_small, serial_shops,
          nicolae_shop_window_shopping, ebering_ghost_disaster_area

Skill      XL: |  1  2 |
---------------+-------+-----
Conjurations   | 3 |  3.7
Spellcasting   | 3 |  3.7
Dodging        | |  2.9
Stealth        | |  3.3

Action                   |  1- 3 |  4- 6 || total
-------------------------+-------+-------++-------
 Cast: Magic Dart        |    89 |     3 ||    92
       Searing Ray       |     3 |     3 ||     6
  Use: Potion            |       |     1 ||     1
Armor: Robe              |     1 |     1 ||     2
Dodge: Dodged            |     5 |     5 ||    10

Table legend: (Time is in decaauts)
 A = Elapsed time spent in this place.
 B = Non-inter-level travel time spent in this place.
 C = Inter-level travel time spent in this place.
 D = Time resting spent in this place.
 E = Time spent auto-exploring this place.
 F = Levels seen in this place.
 G = Mean time per level.
                   A        B        C        D        E       F      G
               +--------+--------+--------+--------+--------+-----+--------+
         Total |   2128 |   2080 |     48 |      0 |   1834 |   3 |  709.3 |
       Dungeon |   2128 |   2080 |     48 |      0 |   1834 |   3 |  709.3 |
               +--------+--------+--------+--------+--------+-----+--------+

Top non-repeatable levels by time:
     D:2: 954 daAuts
     D:1: 795 daAuts
     D:3: 379 daAuts
